 Dungeon Crawl Stone Soup version 0.31-a0-233-g139696dc86 (webtiles) character file.

Game seed: 3805945180494157925

63 qw the Shooter (level 4, 0/26 HPs)
             Began as a Gargoyle Hexslinger on July 9, 2023.
             Slain by an orc
             ... wielding a +0 short sword
              (2 damage)
             ... on level 3 of the Dungeon.
             The game lasted 00:00:38 (1512 turns).

qw the Shooter (Gargoyle Hexslinger)                Turns: 1512, Time: 00:00:39

Health: 0/26       AC:  8    Str: 12    XL:     4   Next: 10%
Magic:  0/5        EV: 10    Int: 13    God:
Gold:   111        SH:  0    Dex: 14    Spells: 4/5 levels left

rFire   . . .        Y - +1 sling
rCold   . . .        (no shield)
rNeg    + . .        h - +0 ring mail
rPois   inf          (no helmet)
rElec   +            (no cloak)
rCorr   .            (no gloves)
SInv    .            (no boots)
Will    .....        b - amulet of guardian spirit
Stlth   +            (no ring)
HPRegen 0.24/turn    (no ring)
MPRegen 0.09/turn

%: guardian spirit
@: no status effects
A: sickness immunity, AC +3, negative energy resistance 1, electricity
resistance, torment resistance 1, petrification resistance
a: no special abilities


You were on level 3 of the Dungeon.
You visited 1 branch of the dungeon, and saw 3 of its levels.

You collected 111 gold pieces.


Innate Abilities, Weirdness & Mutations

You are immune to sickness and miasma.
Your stone body is resilient. (AC +3)
You are immune to poison.
You resist negative energy. (rN+)
You are resistant to electric shocks. (rElec)
You are resistant to unholy torment.
You are immune to petrification.


   Skills:
 - Level 2.0 Fighting
 + Level 3.9 Ranged Weapons
 - Level 1.5 Dodging
 - Level 1.0 Spellcasting
 - Level 2.6 Hexes


You had 4 spell levels left.
You knew the following spells:

 Your Spells              Type           Power      Damage    Failure   Level
a - Slow                  Hex            28%        N/A       22%         1

Your spell library contained the following spells:

 Spells                   Type           Power      Damage    Failure   Level
 Inner Flame              Hex/Fire       4%         N/A       73%         3
 Portal Projectile        Hex/Tloc       8%         N/A       73%         3
 Cause Fear               Hex            3%         N/A       91%         4

Inventory:

Hand Weapons
 Y - a +1 sling (weapon)
Armour
 a - a +0 pair of boots
 h - a +0 ring mail (worn)
Jewellery
 b - an amulet of guardian spirit (around neck)
Potions
 c - a potion of haste {unknown}
 d - a potion of degeneration {unknown}
 e - a potion of enlightenment {unknown}
 f - a potion of might
 g - a potion of curing {unknown}

Dungeon Overview and Level Annotations

Branches:
Dungeon (3/15)

Altars:
Ru


Message History

The orc barely misses you. The orc hits you with a +0 short sword.
You shoot a sling bullet.
The sling bullet hits the orc but does no damage.
The orc is severely wounded.
The orc hits you but does no damage. The orc hits you with a +0 flail.
You shoot a sling bullet. The sling bullet barely misses the orc.
The orc hits you with a +0 short sword. The orc barely misses you.
You shoot a sling bullet.
The sling bullet hits the orc but does no damage.
The orc is severely wounded.
The orc hits you but does no damage. The orc closely misses you.
The orc barely misses you. The orc hits you but does no damage.
You shoot a sling bullet. The sling bullet barely misses the orc.
The orc hits you with a +0 short sword. The orc hits you with a +0 flail.
You shoot a sling bullet.
The sling bullet hits the orc but does no damage.
The orc is severely wounded.
The orc hits you but does no damage. The orc barely misses you.
You shoot a sling bullet.
The sling bullet closely misses the orc.
The orc barely misses you. The orc hits you with a +0 flail. x2
The orc hits you but does no damage.
You shoot a sling bullet.
The sling bullet hits the orc but does no damage.
The orc is severely wounded.
The orc closely misses you. x2
You shoot a sling bullet.
The sling bullet hits the orc but does no damage.
The orc is severely wounded.
The orc closely misses you. The orc hits you with a +0 flail. x2
The orc closely misses you.
You shoot a sling bullet. The sling bullet hits the orc.
You kill the orc!
The orc barely misses you.
You shoot a sling bullet. The sling bullet barely misses the orc.
The orc hits you with a +0 short sword. The orc hits you but does no damage.
You shoot a sling bullet.
The sling bullet closely misses the orc.
The orc hits you but does no damage. The orc hits you with a +0 short sword.
You die...

# ..##.####
#.....oo# #@# #.#
#.# #.# #.# #(#
##+## ##.######
##...## ##...#...##
##.....###.###.###.#


You could see 2 orcs.

Vanquished Creatures
  2 dart slugs
  2 orcs (D:3)
  4 ball pythons
  5 bats (D:1)
  4 endoplasms (D:1)
  A giant cockroach (D:2)
  8 goblins
  4 hobgoblins
  6 kobolds
  13 frilled lizards
  6 rats
55 creatures vanquished.

Notes
Turn   | Place    | Note
-------+----------+-------------------------------------------
     0 | D:1      | qw the Gargoyle Hexslinger began the quest for the Orb.
     0 | D:1      | Reached XP level 1. HP: 12/12 MP: 2/2
     0 | D:1      | 0 ||| qw: Version: 0.3-a-51-g015441d
     0 | D:1      | 0 ||| qw: Game counter: 3984
     0 | D:1      | 0 ||| qw: Melee chars always use a shield: true
     0 | D:1      | 0 ||| qw: God list: Okawaru
     0 | D:1      | 0 ||| qw: Allow faded altars: false
     0 | D:1      | 0 ||| qw: Do Orc after clearing Dungeon:15 true
     0 | D:1      | 0 ||| qw: Do second Lair branch before Depths: true
     0 | D:1      | 0 ||| qw: Lair rune preference: random
     0 | D:1      | 0 ||| qw: Goals: Normal
     0 | D:1      | 0 ||| PLANNING D:1-11
   208 | D:1      | Reached XP level 2. HP: 14/16 MP: 3/3
   279 | D:1      | Reached skill level 3 in Ranged Weapons
   369 | D:1      | Reached XP level 3. HP: 20/21 MP: 4/4
   485 | D:1      | Found a faded altar of an unknown god.
   765 | D:1      | 765 ||| UPGRADING to +0 ring mail.
   775 | D:1      | 775 ||| DROPPING +0 robe.
   776 | D:1      | 776 ||| READING scroll labelled XYHUOH MUON.
   777 | D:1      | 777 ||| READING scroll labelled DET TEUNKEOGA.
   780 | D:1      | 780 ||| READING scroll labelled HEUZUNT FUCEITUMP.
   781 | D:1      | 781 ||| DROPPING scroll of poison.
  1168 | D:2      | Found a sacrificial altar of Ru.
  1302 | D:2      | Reached XP level 4. HP: 26/26 MP: 5/5
  1357 | D:2      | 1357 ||| UPGRADING to amulet of guardian spirit.
  1362 | D:2      | 1362 ||| READING scroll labelled XUMNOTA NIUN.
  1363 | D:2      | 1363 ||| DRINKING 2 bubbling coppery potions.
  1509 | D:3      | HP: 6/26 [orc/+0 flail (2)]
  1509 | D:3      | HP: 2/26 [orc/+0 flail (4)]
  1512 | D:3      | Slain by an orc

Levels and vault maps discovered:
D:1:      lemuel_arrival_funnel, layout_basic, ebering_ecumenical_altar_webs
D:2:      layout_loops_cross, basic_altar, hangedman_decor_points,
          minmay_lizard_king
D:3:      layout_loops_corners, nicolae_qazlal_eye_of_the_storm,
          old_standard_altar

Skill      XL: |  1  2 |
---------------+-------+-----
Ranged Weapons | 3 |  3.9
Fighting       | 2 |  2.0
Dodging        | |  1.5
Spellcasting   | |  1.0
Hexes          | |  2.6

Action                     |  1- 3 |  4- 6 || total
---------------------------+-------+-------++-------
   Fire: Sling             |   123 |    25 ||   148
    Use: Scroll            |     3 |     1 ||     4
         Potion            |       |     1 ||     1
 Armour: Robe              |     8 |       ||     8
         Ring mail         |    15 |    12 ||    27
  Dodge: Dodged            |    33 |    17 ||    50

Table legend:
 A = Non-vault XP
 B = Vault XP
 C = Vault XP percentage of total XP
 D = Non-vault monster count
 E = Vault monster count
 F = Vault count percentage of total count
                 A         B        C        D         E       F
            +---------+---------+-------+---------+---------+-------
      Total |      82 |       9 |   9.9 |      46 |       9 |  16.4
            +---------+---------+-------+---------+---------+-------
        D:1 |      44 |       0 |   0.0 |      25 |       0 |   0.0
        D:2 |      31 |       9 |  22.5 |      18 |       9 |  33.3
        D:3 |       7 |       0 |   0.0 |       3 |       0 |   0.0
            +---------+---------+-------+---------+---------+-------
